 Dungeon Crawl Stone Soup version 0.32-a0-711-g016ad743e0 (webtiles) character file.

Game seed: 12444888233420856290

46 Griffin23 the Trooper (level 3, -3/49 HPs)
             Began as a Minotaur Fighter on Mar 15, 2024.
             Killed from afar by Natasha (4 damage)
             ... with a puff of flame
             ... on level 1 of the Dungeon.
             The game lasted 00:01:25 (563 turns).

Griffin23 the Trooper (Minotaur Fighter)             Turns: 563, Time: 00:01:25

Health: -3/49      AC: 21    Str: 22    XL:     3   Next: 46%
Magic:  2/2        EV:  2    Int:  5    God:
Gold:   47         SH:  4    Dex:  9    Spells: 2/2 levels left

rFire   . . .        a - +0 long sword
rCold   + . .        c - +0 buckler
rNeg    . . .        b - melded +0 scale mail
rPois   +            (helmet currently unavailable)
rElec   .            (cloak currently unavailable)
rCorr   .            (gloves currently unavailable)
SInv    .            (boots currently unavailable)
Will    .....        (no amulet)
Stlth   +            e - ring of protection from cold
HPRegen 0.28/turn    (no ring)
MPRegen 0.08/turn

%: no passive effects
@: tree-form, slowed, very slow
A: stationary, stasis, torment immunity, boosted hp, (horns 2), (retaliatory
headbutt)
a: no special abilities


You were on level 1 of the Dungeon.
You were a tree.
You visited 1 branch of the dungeon, and saw 2 of its levels.

You collected 47 gold pieces.

Inventory:

Hand Weapons
 a - a +0 long sword (weapon)
Armour
 b - a +0 scale mail (melded)
 c - a +0 buckler (worn)
Jewellery
 e - a ring of protection from cold (left branch)
 j - an amulet of the acrobat
Scrolls
 i - a scroll of identify
Potions
 d - a potion of might
 g - a potion of haste {unknown}
 h - a potion of brilliance {unknown}
 k - a potion of curing {unknown}


   Skills:
 + Level 4.1 Fighting
 + Level 3.1 Long Blades
 + Level 4.1 Armour
 + Level 4.1 Shields


You had 2 spell levels left.
You didn't know any spells.
Your spell library contained the following spells:

 Spells                   Type           Power      Damage    Failure   Level
 Static Discharge         Conj/Air       0%         3-3/arc   67%         2
 Airstrike                Air            0%         2d(0-16)  99%         4
 Summon Lightning Spire   Summ/Air       0%         N/A       99%         4


Dungeon Overview and Level Annotations

Branches:
Dungeon (2/15)

Altars:

Annotations:
D:1 Natasha
D:2 Sigmund


Innate Abilities, Weirdness & Mutations

You are a tree.
Your roots penetrate the ground, keeping you stationary.
You cannot be teleported.
You are immune to unholy pain and torment.
Your maximum health is greatly increased.
Your equipment is partially melded.
((You have a pair of horns on your head.))
((You reflexively headbutt those who attack you in melee.))


Message History

Your Shields skill increases to level 4!
You have reached level 3!
Your experience leads to an increase in your attributes!
Increase (S)trength, (I)ntelligence, or (D)exterity?
You feel stronger. x2
You barely miss the hobgoblin. The hobgoblin barely misses you.
The hobgoblin hits you but does no damage.
You hit the hobgoblin but do no damage. You block the hobgoblin's attack.
The hobgoblin hits you.
* * * LOW HITPOINT WARNING * * *
You hit the hobgoblin.
The hobgoblin is lightly wounded.
The hobgoblin hits you but does no damage. x3
You hit the hobgoblin.
The hobgoblin is moderately wounded.
The hobgoblin barely misses you.
You barely miss the hobgoblin.
The hobgoblin is moderately wounded.
The hobgoblin hits you.
* * * LOW HITPOINT WARNING * * *
The hobgoblin hits you but does no damage.
You slash the hobgoblin!
You kill the hobgoblin!
You start resting.
Natasha, Servant of Life and Death comes into view.
She is carrying a wand of flame.
Natasha is nearby!
Natasha is nearby!
Natasha is nearby!
Natasha zaps a wand.
The puff of flame hits you.
* * * LOW HITPOINT WARNING * * *
You start putting on your amulet.
You continue putting on your amulet of the acrobat.
Natasha casts a spell at you. The magic dart hits you.
* * * LOW HITPOINT WARNING * * *
Natasha wildly gestures.
Natasha glows brightly for a moment.
Natasha zaps a wand.
The puff of flame hits you.
You die...
Natasha curls up and begins to purr.

########## #........# #####
#....h...# #...#
#........######...#
#............##...####
#####............##......#
.................##....#.########
...............)†##..............
................♣##....####......
..#.............†##......†.......
#####............##...#####..####
# #.....#.#................##...
# #.##).........#.###.........#.
####.#...........#.###.#########.
.......÷.........................
.....###...#.###..####.#######...
....## ##...÷####.##.....).....#.


You could see Natasha.

Vanquished Creatures
  Natasha (D:1)
  A dart slug (D:1)
  A ball python (D:1)
  A giant cockroach (D:1)
  2 goblins (D:1)
  2 hobgoblins (D:1)
  2 jackals
  A quokka (D:1)
  3 bats (D:1)
  2 frilled lizards (D:1)
  2 kobolds (D:1)
  2 rats (D:1)
20 creatures vanquished.

Notes
Turn   | Place    | Note
-------+----------+-------------------------------------------
     0 | D:1      | Griffin23 the Minotaur Fighter began the quest for the Orb.
     0 | D:1      | Reached XP level 1. HP: 19/19 MP: 0/0
    75 | D:1      | Reached XP level 2. HP: 27/27 MP: 1/1
   378 | D:2      | Noticed Natasha
   380 | D:2      | Noticed Sigmund
   552 | D:1      | Killed Natasha
   553 | D:1      | Reached XP level 3. HP: 12/33 MP: 2/2
   561 | D:1      | Noticed Natasha
   563 | D:1      | HP: 1/49 [Natasha/magic dart (5)]
   563 | D:1      | Killed from afar by Natasha

Illustrated notes

Levels and vault maps discovered:
D:1:      wheals_arrival_shading, layout_rooms
D:2:      layout_rooms, uniq_natasha, uniq_sigmund, uniq_jessica

Skill      XL: |  1  2 |
---------------+-------+-----
Fighting       | 4 |  4.1
Long Blades    | 3 |  3.1
Armour         | 4 |  4.1
Shields        | 4 |  4.1

Action                     || total
---------------------------++-------
  Melee: Long sword        ||    43
         Headbutt          ||     6
    Use: Scroll            ||     1
         Potion            ||     1
 Armour: Scale mail        ||    43
         Skin              ||    27
  Dodge: Dodged            ||    36
  Block: Buckler           ||     9

Table legend: (Time is in decaauts)
 A = Elapsed time spent in this place.
 B = Non-inter-level travel time spent in this place.
 C = Inter-level travel time spent in this place.
 D = Time resting spent in this place.
 E = Time spent auto-exploring this place.
 F = Levels seen in this place.
 G = Mean time per level.
                   A        B        C        D        E       F      G
               +--------+--------+--------+--------+--------+-----+--------+
         Total |    585 |    579 |      6 |    155 |    297 |   2 |  292.5 |
       Dungeon |    585 |    579 |      6 |    155 |    297 |   2 |  292.5 |
               +--------+--------+--------+--------+--------+-----+--------+

Top non-repeatable levels by time:
     D:1: 572 daAuts
     D:2: 13 daAuts
